 Dungeon Crawl Stone Soup version 0.24.0-37-gcf1ca852f1 (webtiles) character file.

Game seed: 5531057840930324387, levelgen mode: deterministic

70 FishyPogo the Skirmisher (level 4, -6/36 HPs)
             Began as a Demonspawn Chaos Knight on Nov 30, 2019.
             Was a Plaything of Xom.
             Mangled by a gnoll
             ... wielding a +0 halberd
              (7 damage)
             ... on level 3 of the Dungeon.
             The game lasted 00:04:07 (1562 turns).

FishyPogo the Skirmisher (Demonspawn Chaos Knight)  Turns: 1562, Time: 00:04:08

Health: -6/36      AC: 11    Str: 10 (12) XL:     4   Next: 3%
Magic:  4/4        EV: 11    Int: 11 (14) God:    Xom [..*...]
Gold:   77         SH:  0    Dex: 10 (13) Spells: 3/3 levels left

rFire    . . .     SeeInvis .   a - +0 short sword (chaos)
rCold    + + .     Gourm    .   (no shield)
rNeg     . . .     Faith    .   b - +2 leather armour
rPois    .         Spirit   .   (no helmet)
rElec    .         Reflect  .   (no cloak)
rCorr    .         Harm     .   (no gloves)
MR       .....                  (no boots)
Stlth    +.........             (no amulet)
HPRegen  0.12/turn              f - ring of protection from cold
MPRegen  0.09/turn              (no ring)

@: sanguine armour
A: cold resistance 1, sanguine armour 1
a: Renounce Religion


You were on level 3 of the Dungeon.
You worshipped Xom.
You were a toy of Xom.
You were not hungry.

You visited 1 branch of the dungeon, and saw 3 of its levels.

You collected 77 gold pieces.

Inventory:

Hand Weapons
 a - a +0 short sword of chaos (weapon)
Missiles
 e - 61 stones (quivered)
 k - 12 poisoned darts
Armour
 b - a +2 leather armour (worn)
Jewellery
 f - a ring of protection from cold (left hand)
Scrolls
 d - a scroll of amnesia {unknown}
 g - 6 scrolls of identify {unknown}
 j - a scroll of teleportation {unknown}
Potions
 h - a potion of curing
 i - a potion of magic
Comestibles
 c - 6 rations


   Skills:
 * Level 3.6 Fighting
 * Level 3.3 Short Blades
 + Level 0.2 Throwing
 * Level 2.5 Armour
 + Level 1.4 Dodging


You had 3 spell levels left.
You didn't know any spells.
Your spell library was empty.

Dungeon Overview and Level Annotations

Branches:
Dungeon (3/15)

Altars:


Innate Abilities, Weirdness & Mutations

Your flesh is cold resistant. (rC+)
When seriously injured, your bleeding wounds create armour. (AC +6)


Message History

You feel clever.
Your demonic ancestry asserts itself...
You feel resistant to cold. The gnoll barely misses you.
The gnoll closely misses you.
You barely miss the gnoll. The gnoll hits you with a +0 halberd.
Your blood congeals into armour.
The gnoll misses you.
You hit the gnoll. You freeze the gnoll.
The gnoll is heavily wounded.
The gnoll hits you with a +0 halberd. The gnoll hits you with a +0 halberd!
You hit the gnoll but do no damage.
The gnoll is poisoned.
The gnoll is heavily wounded.
The gnoll barely misses you.
You barely miss the gnoll.
The gnoll is heavily wounded.
The gnoll barely misses you.
You barely miss the gnoll.
The gnoll is heavily wounded.
The gnoll barely misses you. The gnoll hits you with a +0 halberd!
* * * LOW HITPOINT WARNING * * *
The gnoll hits you from afar with a +0 halberd!
You die...

#...#.........#
#..#.#..(.....#
#.#._.#.........
#..#.#..##.######
#...#...##.#
#.......# .#
#.####....
#########......####
$.....)#@.##.....
#...g...# .##.
##..g##.....# ##..
#...#.. ##. ..#...
## #######


You could see 2 gnolls.

Vanquished Creatures
  2 gnolls
  A dart slug (D:1)
  A leopard gecko (D:2)
  7 giant cockroaches
  9 goblins
  4 hobgoblins
  A quokka (D:2)
  A ball python (D:2)
  4 bats
  4 frilled lizards
  7 kobolds
  3 rats
44 creatures vanquished.

Notes
Turn   | Place    | Note
-------+----------+-------------------------------------------
     0 | D:1      | FishyPogo the Demonspawn Chaos Knight began the quest for
                  | the Orb.
     0 | D:1      | Reached XP level 1. HP: 18/18 MP: 1/1
    13 | D:1      | Reached skill level 1 in Dodging
    13 | D:1      | Gained mutation: When seriously injured, your bleeding
                  | wounds create armour. (AC +6) [demonic ancestry]
    13 | D:1      | Reached XP level 2. HP: 23/24 MP: 2/2
    77 | D:1      | XOM: harmless Ice miscast
   219 | D:1      | XOM: harmless Ice miscast
   255 | D:1      | Reached XP level 3. HP: 11/29 MP: 3/3
   391 | D:1      | XOM: harmless Chrm miscast
   741 | D:2      | XOM: divination: detect items
  1396 | D:2      | XOM: harmless Conj miscast
  1530 | D:3      | Found a faded altar of an unknown god.
  1556 | D:3      | Gained mutation: Your flesh is cold resistant. (rC+)
                  | [demonic ancestry]
  1556 | D:3      | Reached XP level 4. HP: 25/36 MP: 4/4
  1561 | D:3      | HP: 1/36 [gnoll/+0 halberd (13)]
  1562 | D:3      | Mangled by a gnoll

Levels and vault maps discovered:
D:1:      mrwooster_arrival_statue_3, layout_loops_ring
D:2:      layout_basic, first_ration
D:3:      minmay_thinvault, layout_rooms,
          chequers_ecumenical_altar_simple_redux, biasface_ghost_orc_armoury

Skill      XL: |  1  2 |
---------------+-------+-----
Armour         | 2 |  2.5
Dodging        | 1 |  1.4
Short Blades   | 3 |  3.3
Fighting       | |  3.6
Throwing       | |  0.2

Action                   |  1- 3 |  4- 6 || total
-------------------------+-------+-------++-------
Melee: Short sword       |   147 |     5 ||   152
  Use: Potion            |     4 |       ||     4
 Stab: Paralysed         |     1 |       ||     1
       Sleeping          |     1 |       ||     1
  Eat: Chunk             |     2 |       ||     2
Armor: Leather armour    |    55 |       ||    55
Dodge: Dodged            |    92 |     6 ||    98
